 Dungeon Crawl Stone Soup version 0.32-a0-630-g46d191b0ed (webtiles) character file.

Game seed: 11388402738466664548

1573 adelrune the Skirmisher (level 8, -6/57 HPs)
             Began as a Coglin Hunter on Mar 6, 2024.
             Was a Follower of Hepliaklqana.
             Killed by divine providence
             ... invoked by an orc priest
              (15 damage)
             ... on level 7 of the Dungeon.
             The game lasted 00:09:30 (5317 turns).

adelrune the Skirmisher (Coglin Hunter)             Turns: 5317, Time: 00:09:30

Health: -6/57      AC:  6    Str: 11    XL:     8   Next: 90%
Magic:  8/8        EV: 14    Int:  9    God:    Hepliaklqana [*.....]
Gold:   90         SH:  0    Dex: 20    Spells: 7/7 levels left

rFire   . . .        a - +2 sling {Olaf}
rCold   . . .        d - +0 sling {Marisol}
rNeg    . . .        c - +0 leather armour
rPois   .            (no helmet)
rElec   .            (no cloak)
rCorr   .            (no gloves)
SInv    .            B - +2 pair of boots {Fly}
Will    .....        (amulet unavailable)
Stlth   ++           (ring unavailable)
HPRegen 0.29/turn    (ring unavailable)
MPRegen 0.11/turn    (no gizmo)

%: no passive effects
@: flying
A: reduced essence, off-hand wielding, slow wielding, warmup strikes, no
jewellery
a: Invent Gizmo, Renounce Religion, Recall Ancestor, Ancestor Identity


You were on level 7 of the Dungeon.
You worshipped Hepliaklqana.
Hepliaklqana was aware of your devotion.
You visited 2 branches of the dungeon, and saw 8 of its levels.

You collected 326 gold pieces.
You spent 236 gold pieces at shops.

Inventory:

Hand Weapons
 a - a +2 sling (weapon) {Olaf}
 d - a +0 sling (offhand) {Marisol}
Armour
 c - a +0 leather armour (worn)
 p - a scarf of shadows
 B - a +2 pair of boots of flying (worn)
Wands
 w - a wand of flame (19)
Scrolls
 b - a scroll of butterflies
 e - 3 scrolls of teleportation {unknown}
 f - a scroll of enchant armour {unknown}
 g - 2 scrolls of revelation {unknown}
 h - 3 scrolls of enchant weapon {unknown}
 j - a scroll of fog {unknown}
 k - 3 scrolls of identify {unknown}
 q - a scroll of immolation {unknown}
 t - a scroll of amnesia {unknown}
 y - 3 scrolls of poison {unknown}
 z - a scroll of blinking {unknown}
 A - a scroll of noise {unknown}
Potions
 i - 3 potions of curing {unknown}
 l - 3 potions of ambrosia {unknown}
 m - a potion of mutation {unknown}
 n - a potion of haste {unknown}
 o - 2 potions of enlightenment {unknown}
 r - a potion of lignification {unknown}
 s - a potion of degeneration {unknown}
 u - a potion of might {unknown}
 v - a potion of attraction {unknown}
 x - a potion of brilliance {unknown}


   Skills:
 + Level 5.7 Fighting
 * Level 8.0 Ranged Weapons
 + Level 5.2 Dodging
 - Level 0.7 Stealth


You had 7 spell levels left.
You didn't know any spells.
Your spell library contained the following spells:

 Spells                   Type           Power      Damage    Failure   Level
 Call Imp                 Summ           0%         N/A       63%         2
 Sublimation of Blood     Necr           0%         N/A       63%         2
 Inner Flame              Hex/Fire       0%         N/A       85%         3
 Irradiate                Conj/Alch      0%         3d11      100%        5
 Summon Hydra             Summ           0%         N/A       100%        7
 Ignition                 Fire           0%         3d3       100%        8


Dungeon Overview and Level Annotations

Branches:
Dungeon (7/15)             Temple (1/1) D:4

Altars:
Ashenzari
Cheibriados
Dithmenos
Elyvilon
Fedhas
Gozag
Hepliaklqana
Kikubaaqudgha
Makhleb
Nemelex Xobeh
Qazlal
Ru
Sif Muna
Trog
Uskayaw
Vehumet
Wu Jian
Xom
Yredelemnul
Zin
The Shining One

Shops:
D:1 *   D:6 [

Annotations:
D:7 Pikel


Innate Abilities, Weirdness & Mutations

Your life essence is reduced to manifest your ancestor. (-10% HP)
You can wield a second weapon in your off-hand.
It takes a long time for you to wield or remove held weapons.
Your first few attacks do less damage.
You cannot equip rings or amulets.


Message History

You shoot a sling bullet. The sling bullet hits the orc warrior.
You kill the orc warrior!
Your Ranged Weapons skill increases to level 8!
You shoot a sling bullet. The sling bullet hits the orc.
The orc is heavily wounded.
You shoot a sling bullet. The sling bullet hits the orc.
You kill the orc!
A bullfrog comes into view.
You shoot a sling bullet.
The sling bullet closely misses the orc priest.
The sling bullet hits the lemure.
The lemure is moderately wounded.
You shoot a sling bullet.
The sling bullet barely misses the orc priest.
The sling bullet barely misses the lemure.
You shoot a sling bullet. The sling bullet hits the orc priest.
The orc priest is lightly wounded.
You shoot a sling bullet. The sling bullet hits the orc priest.
The orc priest is moderately wounded.
The orc priest invokes the aid of Beogh against you.
Beogh smites you!
You shoot a sling bullet.
The sling bullet barely misses the orc priest.
You shoot a sling bullet. The sling bullet hits the orc priest.
The orc priest is severely wounded.
Pikel, Merchant of Souls comes into view.
He is wielding a +2 whip of freezing.
The orc priest mumbles some strange prayers to Beogh against you.
Pain shoots through your body!
The orc priest looks satisfied for a moment.
The orc priest calls down the wrath of Beogh upon you.
Pain shoots through your body!
The orc priest invokes the aid of Beogh against you.
Beogh smites you!
The orc priest invokes the aid of Beogh against you.
Pain shoots through your body!
* * * LOW HITPOINT WARNING * * *
The orc priest mumbles some strange prayers to Beogh against you.
Beogh smites you!
You die...
Hepliaklqana delivers you to your ancestors.

### #<# #.# #.#
##'#########
#..........#
#..........#
#..........#
#..@.......#
#..........#
+..........#
#..F[......#
#..5.......#
#..........# #
#..5o......# ##.
#..........#
..##+#...[..)...#


You could see 2 lemures, a bullfrog and an orc priest.

Vanquished Creatures
  2 ice beasts
  An orc warrior (D:7)
  2 phantoms (D:5)
  2 bullfrogs (D:6)
  A gnoll sergeant (D:6)
  A burial acolyte (D:5)
  3 bombardier beetles
  2 jellies
  8 hounds
  2 iguanas (D:4)
  Natasha (twice) (D:2)
  5 gnolls (D:6)
  8 adders
  A shadow imp (D:4)
  A white imp (D:6)
  2 ufetubi (D:5)
  An adder zombie (D:5)
  A ribbon worm (D:2)
  A dart slug (D:4)
  5 orcs
  8 ball pythons
  6 endoplasms
  A giant cockroach (D:1)
  4 goblins
  8 hobgoblins
  4 kobolds (D:1)
  3 quokkas
  4 bats
  5 frilled lizards
  2 jackal zombies (D:5)
  4 rats
100 creatures vanquished.

Vanquished Creatures (collateral kills)
  An ogre (D:6)
  A scorpion (D:6)
  A hound (D:6)
  An iguana (D:6)
  An orc (D:6)
5 creatures vanquished.

Vanquished Creatures (others)
  An ancestor (D:7)
1 creature vanquished.

Grand Total: 106 creatures vanquished

Notes
Turn   | Place    | Note
-------+----------+-------------------------------------------
     0 | D:1      | adelrune the Coglin Hunter began the quest for the Orb.
     0 | D:1      | Reached XP level 1. HP: 16/16 MP: 1/1
   150 | D:1      | Reached XP level 2. HP: 22/22 MP: 2/2
   163 | D:1      | Found Linne's Assorted Antiques.
   336 | D:1      | Reached skill level 4 in Ranged Weapons
   696 | D:2      | Reached XP level 3. HP: 28/28 MP: 3/3
   710 | D:2      | Noticed Natasha
   713 | D:2      | Killed Natasha
   833 | D:2      | Reached XP level 4. HP: 34/34 MP: 4/4
  1437 | D:2      | Noticed Natasha
  1442 | D:2      | Killed Natasha
  1633 | D:2      | Reached XP level 5. HP: 41/41 MP: 5/5
  2298 | D:3      | Found a faded altar of an unknown god.
  2807 | D:4      | Found a staircase to the Ecumenical Temple.
  2851 | Temple   | Entered the Ecumenical Temple
  2923 | Temple   | Became a worshipper of Hepliaklqana the Forgotten
  3008 | D:4      | Reached skill level 5 in Ranged Weapons
  3171 | D:4      | Reached XP level 6. HP: 34/47 MP: 6/6
  3466 | D:5      | Entered Level 5 of the Dungeon
  3642 | D:5      | Found a shadowy altar of Dithmenos.
  3663 | D:5      | Noticed an ice beast
  3724 | D:5      | Reached XP level 7. HP: 53/53 MP: 7/7
  3736 | D:5      | Reached skill level 6 in Ranged Weapons
  4593 | D:5      | Found an ancient bone altar of Kikubaaqudgha.
  4613 | D:6      | Reached XP level 8. HP: 61/61 MP: 8/8
  4653 | D:6      | Reached * piety under Hepliaklqana
  4780 | D:6      | Reached skill level 7 in Ranged Weapons
  4923 | D:6      | Reached skill level 5 in Fighting
  5155 | D:6      | Found a glowing silver altar of Zin.
  5164 | D:6      | Found a snail-covered altar of Cheibriados.
  5205 | D:6      | Reached skill level 5 in Dodging
  5207 | D:6      | Found Heywkued's Armour Boutique.
  5216 | D:6      | Bought a +2 pair of boots of flying for 236 gold pieces
  5301 | D:7      | Reached skill level 8 in Ranged Weapons
  5304 | D:7      | Noticed Pikel
  5317 | D:7      | Killed from afar by an orc priest

Illustrated notes

Levels and vault maps discovered:
D:1:      minmay_arrival_three_doors, layout_basic, serial_shops, shop
D:2:      layout_basic, minmay_misc_feat_tower, uniq_natasha
D:3:      layout_loops_ring, chequers_ecumenical_altar_simple,
          kennysheep_another_room
D:4:      layout_cave_pools, minmay_temple_entry_overgrown
D:5:      layout_basic, lemuel_zombie_altar_kikubaaqudgha,
          grunt_dithmenos_smoke_and_mirrors, kennysheep_cross_bottleneck
D:6:      wander_river, layout_rooms, mainiacjoe_overflow_swirl, serial_shops,
          shop, hangedman_decor_points
D:7:      layout_basic, uniq_duvessa, uniq_pikel
Temple:   minmay_temple_bridge_d

Skill      XL: |  1  2  3  4  5  6  7  8 |
---------------+-------------------------+-----
Dodging        | 2 3 4 5 |  5.2
Ranged Weapons | 4 5 6 8 |  8.0
Fighting       | 3 4 5 |  5.7
Stealth        | |  0.7

Action                     |  1- 3 |  4- 6 |  7- 9 || total
---------------------------+-------+-------+-------++-------
   Fire: Sling             |   120 |   280 |   296 ||   696
 Invoke: Recall Ancestor   |       |       |     1 ||     1
 Armour: Leather armour    |     6 |    25 |    23 ||    54
  Dodge: Dodged            |     5 |    35 |    29 ||    69

Table legend: (Time is in decaauts)
 A = Elapsed time spent in this place.
 B = Non-inter-level travel time spent in this place.
 C = Inter-level travel time spent in this place.
 D = Time resting spent in this place.
 E = Time spent auto-exploring this place.
 F = Levels seen in this place.
 G = Mean time per level.
                   A        B        C        D        E       F      G
               +--------+--------+--------+--------+--------+-----+--------+
         Total |   5392 |   4869 |    523 |    342 |   3789 |   8 |  674.0 |
       Dungeon |   5247 |   4866 |    381 |    342 |   3789 |   7 |  749.6 |
        Temple |    144 |      2 |    142 |      0 |      0 |   1 |  144.0 |
               +--------+--------+--------+--------+--------+-----+--------+

Top non-repeatable levels by time:
     D:2: 1402 daAuts
     D:5: 1036 daAuts
     D:1: 727 daAuts
     D:6: 677 daAuts
     D:4: 674 daAuts
     D:3: 673 daAuts
  Temple: 144 daAuts
     D:7: 55 daAuts
